 Dungeon Crawl Stone Soup version 0.30-a0-830-gfe289a77b0 (webtiles) character file.

Game seed: 13046179126843009922

102 Juicyj the Magician (level 4, -2/32 HPs)
             Began as a Gnoll Wanderer on Feb 28, 2023.
             Shot with a sling bullet by a goblin (3 damage)
             ... led by Robin
             ... on level 3 of the Dungeon.
             The game lasted 00:03:27 (1784 turns).

Juicyj the Magician (Gnoll Wanderer)                Turns: 1784, Time: 00:03:28

Health: -2/32      AC:  3    Str: 12    XL:     4   Next: 77%
Magic:  13/13      EV: 10    Int: 11    God:
Gold:   101        SH:  0    Dex: 13    Spells: 16/17 levels left

rFire   . . .      SeeInvis .    a - +0 hand axe
rCold   . . .      Faith    .    (no shield)
rNeg    . . .      Spirit   .    d - +0 robe
rPois   +          Reflect  .    (no helmet)
rElec   .          Harm     .    (no cloak)
rCorr   .          Rampage  .    (no gloves)
Will    .....                    b - +0 pair of boots
Stlth   ++                       j - amulet of magic regeneration
HPRegen 0.25/turn                k - ring of poison resistance
MPRegen 0.53/turn                (no ring)

@: grasped by roots, constricted
A: fangs 1, strong nose, distributed training
a: no special abilities


You were on level 3 of the Dungeon.
You visited 1 branch of the dungeon, and saw 3 of its levels.

You collected 101 gold pieces.

Inventory:

Hand Weapons
 a - a +0 hand axe (weapon)
 o - a +1 short sword of venom
Armour
 b - a +0 pair of boots (worn)
 d - a +0 robe (worn)
Jewellery
 f - a ring of fire
 j - an amulet of magic regeneration (around neck)
 k - a ring of poison resistance (left hand)
Scrolls
 e - a scroll of fear
 h - 2 scrolls of fog
 l - a scroll of teleportation
Potions
 c - a potion of attraction
 g - 2 potions of might {unknown}
 i - a potion of berserk rage {unknown}
 m - a potion of brilliance {unknown}
 n - a potion of cancellation {unknown}


   Skills:
 + Level 1.3 Fighting
 + Level 1.3 Short Blades
 + Level 1.3 Long Blades
 + Level 4.7 Axes
 + Level 1.3 Maces & Flails
 + Level 1.3 Polearms
 + Level 1.3 Staves
 + Level 1.3 Ranged Weapons
 + Level 2.8 Throwing
 + Level 1.3 Armour
 + Level 4.7 Dodging
 + Level 1.3 Stealth
 + Level 1.3 Shields
 + Level 1.3 Unarmed Combat
 + Level 7.2 Spellcasting
 + Level 1.0 Conjurations
 + Level 1.0 Hexes
 + Level 1.0 Summonings
 + Level 1.0 Necromancy
 + Level 1.0 Translocations
 + Level 1.0 Transmutations
 + Level 1.0 Fire Magic
 + Level 1.0 Ice Magic
 + Level 1.0 Air Magic
 + Level 1.0 Earth Magic
 + Level 1.0 Poison Magic
 + Level 1.4 Invocations
 + Level 2.8 Evocations


You had 16 spell levels left.
You knew the following spells:

 Your Spells              Type           Power      Damage    Failure   Level
a - Slow                  Hex            24%        N/A       11%         1

Your spell library contained the following spells:

 Spells                   Type           Power      Damage    Failure   Level
 Cigotuvi's Dreadful Rot  Necr/Pois/Air  12%        N/A       17%         2
 Confusing Touch          Hex            6%         N/A       32%         3
 Mephitic Cloud           Conj/Pois/Air  6%         N/A       32%         3
 Tukima's Dance           Hex            6%         N/A       32%         3
 Passage of Golubria      Tloc           6%         N/A       73%         4
 Yara's Violent Unravell  Hex/Tmut       3%         3d4       97%         5


Dungeon Overview and Level Annotations

Branches:
Dungeon (3/15)

Altars:

Shops:
D:3 [

Annotations:
D:3 Robin


Innate Abilities, Weirdness & Mutations

You have very sharp teeth.
Your uncanny sense of smell can sniff out nearby items.
Your experience applies equally to all skills.


Message History

You hear a shout!
You hear an angry hiss.
The hobgoblin hits you.
A goblin comes into view. It is wielding a +0 club.
The goblin shouts!
You hit the hobgoblin.
You kill the hobgoblin!
As you read the scroll of identify, it crumbles to dust.
l - a scroll of teleportation A hobgoblin comes into view.
You miss the goblin.
The goblin is moderately wounded.
The goblin misses you.
You hit the goblin.
You kill the goblin!
The goblin no longer looks unusually strong.
The hobgoblin no longer looks unusually strong.
The goblin no longer looks unusually strong.
The goblin unwields a +0 club.
The goblin wields a +0 sling.
The goblin shoots a sling bullet.
The sling bullet barely misses you.
Okay, then.
The goblin shoots a sling bullet.
The sling bullet hits you but does no damage.
You see here a +0 club.
Found 15 gold pieces.
The goblin shoots a sling bullet.
The sling bullet barely misses you.
e - a scroll of fear Robin zaps a wand.
The roots erupt in riotous growth!
The grasping roots grab you! The grasping roots constrict you.
* * * LOW HITPOINT WARNING * * *
You escape the roots grasp.
The goblin shoots a sling bullet.
The sling bullet hits you.
* * * LOW HITPOINT WARNING * * *
Robin zaps a wand.
The roots erupt in riotous growth!
The grasping roots grab you! The grasping roots constrict you.
* * * LOW HITPOINT WARNING * * *
A hobgoblin comes into view.
The goblin shoots a sling bullet.
The sling bullet hits you.
You die...

############
#..g.g.....#
.######g###### #@#
....ggggg).g.# #.#
.######g####.# #.# # #.#
##.###g###### #.#####.#
#$.g..g.......
........###..###.#####..
#.........#..###.#
#..####....[...... #.
#...#..###.###


You could see Robin, a hobgoblin and 2 goblins.

Vanquished Creatures
  A scorpion (D:3)
  5 endoplasms
  A giant cockroach (D:2)
  6 goblins
  4 hobgoblins
  4 jackals (D:2)
  3 ball pythons
  4 bats
  3 frilled lizards
  5 kobolds
  4 rats
40 creatures vanquished.

Notes
Turn   | Place    | Note
-------+----------+-------------------------------------------
     0 | D:1      | Juicyj the Gnoll Wanderer began the quest for the Orb.
     0 | D:1      | Juicyj set off with the following items: a +0 hand axe, a
                  | +0 pair of boots, a potion of attraction, a +0 robe; and
                  | the following spell memorised: Slow; and the following
                  | spells available to memorise: Cigotuvi's Dreadful Rot,
                  | Confusing Touch, Mephitic Cloud.
     0 | D:1      | Reached XP level 1. HP: 13/13 MP: 8/8
   387 | D:1      | Reached XP level 2. HP: 19/19 MP: 3/10
  1378 | D:2      | Reached XP level 3. HP: 25/25 MP: 11/11
  1405 | D:2      | Reached skill level 1 in Invocations
  1624 | D:3      | Found Zusip's Antique Armour Shoppe.
  1648 | D:3      | Noticed a scorpion
  1675 | D:3      | Killed a scorpion
  1676 | D:3      | Reached skill level 1 in Fighting
  1676 | D:3      | Reached skill level 1 in Short Blades
  1676 | D:3      | Reached skill level 1 in Long Blades
  1676 | D:3      | Reached skill level 1 in Maces & Flails
  1676 | D:3      | Reached skill level 1 in Polearms
  1676 | D:3      | Reached skill level 1 in Staves
  1676 | D:3      | Reached skill level 1 in Ranged Weapons
  1676 | D:3      | Reached skill level 1 in Armour
  1676 | D:3      | Reached skill level 1 in Stealth
  1676 | D:3      | Reached skill level 1 in Shields
  1676 | D:3      | Reached skill level 1 in Unarmed Combat
  1676 | D:3      | Reached skill level 1 in Conjurations
  1676 | D:3      | Reached skill level 1 in Hexes
  1676 | D:3      | Reached skill level 1 in Summonings
  1676 | D:3      | Reached skill level 1 in Necromancy
  1676 | D:3      | Reached skill level 1 in Translocations
  1676 | D:3      | Reached skill level 1 in Transmutations
  1676 | D:3      | Reached skill level 1 in Fire Magic
  1676 | D:3      | Reached skill level 1 in Ice Magic
  1676 | D:3      | Reached skill level 1 in Air Magic
  1676 | D:3      | Reached skill level 1 in Earth Magic
  1676 | D:3      | Reached skill level 1 in Poison Magic
  1676 | D:3      | Reached XP level 4. HP: 19/32 MP: 11/13
  1758 | D:3      | Noticed Robin
  1784 | D:3      | HP: 1/32 [constriction (6)]
  1784 | D:3      | Shot with a sling bullet by a goblin

Illustrated notes

Levels and vault maps discovered:
D:1:      erik_arrival_blinker_ship, layout_loops_ring
D:2:      layout_basic
D:3:      layout_loops_ring, serial_shops, shop, shop, shop,
          chequers_serial_rivers_small_a, uniq_robin

Skill      XL: |  1  2  3 |
---------------+----------+-----
Invocations    | 1 |  1.4
Fighting       | 1 |  1.3
Short Blades   | 1 |  1.3
Long Blades    | 1 |  1.3
Maces & Flails | 1 |  1.3
Polearms       | 1 |  1.3
Staves         | 1 |  1.3
Ranged Weapons | 1 |  1.3
Armour         | 1 |  1.3
Stealth        | 1 |  1.3
Shields        | 1 |  1.3
Unarmed Combat | 1 |  1.3
Conjurations   | 1 |  1.0
Hexes          | 1 |  1.0
Summonings     | 1 |  1.0
Necromancy     | 1 |  1.0
Translocations | 1 |  1.0
Transmutations | 1 |  1.0
Fire Magic     | 1 |  1.0
Ice Magic      | 1 |  1.0
Air Magic      | 1 |  1.0
Earth Magic    | 1 |  1.0
Poison Magic   | 1 |  1.0
Axes           | |  4.7
Throwing       | |  2.8
Dodging        | |  4.7
Spellcasting   | |  7.2
Evocations     | |  2.8

Action                     |  1- 3 |  4- 6 || total
---------------------------+-------+-------++-------
  Melee: Hand axe          |    86 |    11 ||    97
         Bite              |     7 |       ||     7
         Punch             |     1 |       ||     1
   Cast: Slow              |    39 |     9 ||    48
    Use: Scroll            |     3 |     1 ||     4
         Potion            |     1 |       ||     1
   Stab: Sleeping          |     1 |     1 ||     2
 Armour: Robe              |    26 |     9 ||    35
  Dodge: Dodged            |    76 |    21 ||    97

Table legend: (Time is in decaauts)
 A = Elapsed time spent in this place.
 B = Non-inter-level travel time spent in this place.
 C = Inter-level travel time spent in this place.
 D = Time resting spent in this place.
 E = Time spent auto-exploring this place.
 F = Levels seen in this place.
 G = Mean time per level.
                   A        B        C        D        E       F      G
               +--------+--------+--------+--------+--------+-----+--------+
         Total |   1790 |   1741 |     49 |      0 |   1433 |   3 |  596.7 |
       Dungeon |   1790 |   1741 |     49 |      0 |   1433 |   3 |  596.7 |
               +--------+--------+--------+--------+--------+-----+--------+

Top non-repeatable levels by time:
     D:1: 907 daAuts
     D:2: 721 daAuts
     D:3: 161 daAuts
